 Dungeon Crawl Stone Soup version 0.28-a0-1616-g050a50673c (webtiles) character file.

Game seed: 8412792587006112719

37 grumblor the Ducker (level 3, 0/19 HPs)
             Began as a Spriggan Fighter on Jan 22, 2022.
             Succumbed to an adder's poison
             ... on level 2 of the Dungeon.
             The game lasted 00:01:33 (1997 turns).

grumblor the Ducker (Spriggan Fighter)              Turns: 1997, Time: 00:01:34

Health: 0/19       AC:  2    Str: 12    XL:     3   Next: 21%
Magic:  4/4        EV: 18    Int:  9    God:
Gold:   32         SH:  6    Dex: 16    Spells: 2/2 levels left

rFire   + . .      SeeInvis +   a - +0 long sword
rCold   + . .      Faith    .   c - +0 buckler
rNeg    . . .      Spirit   .   b - +0 robe
rPois   +          Reflect  .   (helmet restricted)
rElec   +          Harm     .   (no cloak)
rCorr   +          Rampage  .   (gloves unavailable)
Will    .....                   (boots unavailable)
Stlth   +.........              (no amulet)
HPRegen 0.06/turn               f - ring of flight
MPRegen 0.09/turn               (no ring)

@: lethally poisoned (0 -> -1), resistant, flying, very quick
A: very small, no large weapons, unfitting armour, see invisible, speed 3
a: no special abilities


You were on level 2 of the Dungeon.
You visited 1 branch of the dungeon, and saw 2 of its levels.

You collected 32 gold pieces.

Inventory:

Hand Weapons
 a - a +0 long sword (weapon)
Armour
 b - a +0 robe (worn)
 c - a +0 buckler (worn)
Jewellery
 f - a ring of flight (left hand)
Potions
 d - a potion of might
 h - a potion of curing {unknown}
 i - a potion of lignification {unknown}


   Skills:
 + Level 2.5 Fighting
 + Level 2.0 Long Blades
 * Level 4.7 Dodging
 * Level 2.5 Shields


You had 2 spell levels left.
You didn't know any spells.
Your spell library was empty.

Dungeon Overview and Level Annotations

Branches:
Dungeon (2/15)

Altars:


Innate Abilities, Weirdness & Mutations

You are very small and have problems with some larger weapons.
You are too small for most types of armour.
You have supernaturally acute eyesight. (SInv)
You cover ground extremely quickly. (Speed+++)


Message History

The adder closely misses you. The adder bites you but does no damage.
You completely miss the adder.
The adder is moderately wounded.
You block the adder's attack. The adder misses you.
You hit the adder.
The adder is moderately wounded.
The adder bites you.
You are poisoned.
The adder poisons you! The adder bites you.
You hit the adder.
The adder is severely wounded.
You feel very sick. The adder completely misses you.
You block the adder's attack.
You hit the adder.
The adder is almost dead.
You feel sick. The adder bites you.
You are lethally poisoned!
The adder poisons you!
You are too injured to fight recklessly!
You are too injured to fight recklessly!
You are too injured to fight recklessly!
You miss the adder.
The adder is almost dead.
* * * LOW HITPOINT WARNING * * *
You feel sick. The adder completely misses you. The adder closely misses you.
You closely miss the adder.
The adder is almost dead.
* * * LOW HITPOINT WARNING * * *
You feel sick. The adder barely misses you. The adder closely misses you.
You barely miss the adder.
The adder is almost dead.
* * * LOW HITPOINT WARNING * * *
You feel sick. You block the adder's attack. The adder misses you.
You closely miss the adder.
The adder is almost dead.
* * * LOW HITPOINT WARNING * * *
You feel sick. The adder misses you. The adder barely misses you.
It was a potion of resistance.
You feel protected.
You die...

#.# #.#.#.####.#.#..#.#.#
#.###.#.#....#.#.#..#.#.#####
#..##.#.#....#......#.#......
#.....#.#....#.#.#.##.#......
#..##.#.#.#...........#.....†
#..##.#............#..#.##...
#..................#..#.##...
#.#########......#.#..#.##...
#.. ........@.÷....#..#.##...
### ##.......S######..#......
#.######÷÷)...........).
#.......>...............
.#.###################. . #


You could see an adder.

Vanquished Creatures
  A worm (D:2)
  A ball python (D:1)
  3 bats (D:1)
  2 giant cockroaches (D:1)
  3 goblins
  6 hobgoblins
  3 jackals (D:2)
  A kobold (D:1)
  4 quokkas
  A frilled lizard (D:1)
  4 rats (D:1)
29 creatures vanquished.

Notes
Turn   | Place    | Note
-------+----------+-------------------------------------------
     0 | D:1      | grumblor the Spriggan Fighter began the quest for the Orb.
     0 | D:1      | Reached XP level 1. HP: 11/11 MP: 2/2
   341 | D:1      | Reached XP level 2. HP: 15/16 MP: 3/3
   799 | D:1      | Found a faded altar of an unknown god.
  1548 | D:2      | Reached XP level 3. HP: 16/19 MP: 4/4
  1997 | D:2      | Succumbed to an adder's poison

Illustrated notes

Levels and vault maps discovered:
D:1:      dpeg_arrival_houses_and_road, layout_loops_ring,
          ebering_ecumenical_altar_rust
D:2:      layout_basic, serial_shops, nicolae_shop_behind_doors,
          nrook_mini_vaults, uniq_crazy_yiuf_cottage, uniq_natasha, uniq_robin

Skill      XL: |  1  2  3 |
---------------+----------+-----
Long Blades    | 2 |  2.0
Fighting       | |  2.5
Dodging        | |  4.7
Shields        | |  2.5

Action                   || total
-------------------------++-------
Melee: Long sword        ||    97
  Use: Scroll            ||     2
       Potion            ||     1
 Stab: Sleeping          ||     1
Armor: Robe              ||    11
Dodge: Dodged            ||    90
Block: Buckler           ||    35

Table legend: (Time is in decaauts)
 A = Elapsed time spent in this place.
 B = Non-inter-level travel time spent in this place.
 C = Inter-level travel time spent in this place.
 D = Time resting spent in this place.
 E = Time spent auto-exploring this place.
 F = Levels seen in this place.
 G = Mean time per level.
                   A        B        C        D        E       F      G
               +--------+--------+--------+--------+--------+-----+--------+
         Total |   1715 |   1681 |     34 |    841 |    614 |   2 |  857.5 |
       Dungeon |   1715 |   1681 |     34 |    841 |    614 |   2 |  857.5 |
               +--------+--------+--------+--------+--------+-----+--------+

Top non-repeatable levels by time:
     D:1: 1525 daAuts
     D:2: 189 daAuts
